 Dungeon Crawl Stone Soup version 0.18.1-6-gd335043 (webtiles) character file.

617 IcyTea the Cutter (level 7, -5/43 HPs)
             Began as an Octopode Artificer on May 16, 2016.
             Killed from afar by Gottschkopf's ghost (13 damage)
             ... with an orb of energy
             ... on level 4 of the Dungeon.
             The game lasted 00:18:46 (6028 turns).

IcyTea the Cutter (Octopode Artificer)              Turns: 6028, Time: 00:18:47

Health: -5/43      AC:  1    Str: 10    XL:     7   Next: 45%
Magic:  9/9        EV: 12    Int: 16    God:
Gold:   170        SH:  0    Dex: 13    Spells: 0 memorised, 6 levels left

rFire  . . .     SeeInvis .     a - +1 short sword
rCold  . . .     Gourm    .     (no shield)
rNeg   . . .     Faith    .     (helmet restricted)
rPois  .         Spirit   .     (no amulet)
rElec  .         Dismiss  .     h - ring of wizardry
rCorr  .         Reflect  .     (no ring)
SustAt .         Harm     .     (no ring)
MR     .....                    (no ring)
Stlth  +++.......               (no ring)
                                (no ring)
                                (no ring)
                                (no ring)

@: not resistant to hostile enchantments, fairly stealthy
A: almost no armour, amphibious, 8 rings, constrict 8, camouflage 1, gelatinous
body 1
a: no special abilities


You were on level 4 of the Dungeon.
You were not hungry.

You visited 1 branch of the dungeon, and saw 4 of its levels.

You collected 170 gold pieces.

Inventory:

Hand Weapons
 a - a +1 short sword (weapon)
Jewellery
 h - a ring of wizardry (left tentacle)
Wands
 b - a wand of flame (13/48)
 c - a wand of enslavement (14/24)
 d - a wand of random effects (15/48)
Scrolls
 e - 2 scrolls of fog
 g - a scroll of enchant weapon
 j - 4 scrolls of identify
 l - a scroll of magic mapping
 m - 3 scrolls of remove curse
 n - a scroll of teleportation
Potions
 k - a potion of flight
 r - a potion of curing
 s - a potion of resistance
Comestibles
 f - 4 bread rations
 i - 2 beef jerkies
 p - 2 meat rations
 q - 5 fruits


   Skills:
 - Level 1.0 Fighting
 + Level 7.5 Short Blades
 - Level 2.0 Dodging
 - Level 3.0 Stealth
 - Level 3.4 Evocations


You had 6 spell levels left.
You didn't know any spells.

Dungeon Overview and Level Annotations

Branches:
Dungeon (4/15)
 Temple: D:4-7

Altars:
Ashenzari
Gozag

Shops:
D:4 ?

Annotations:
D:4 Gottschkopf's ghost, amateur DECj


Innate Abilities, Weirdness & Mutations

You cannot wear most types of armour.
You are amphibious.
You can wear up to eight rings at the same time.
You can use your tentacles to constrict eight enemies at once.
Your skin changes colour to match your surroundings (Stealth).
Your rubbery body absorbs attacks (AC +1).


Message History

You feel better. Gottschkopf's ghost hits you.
You hit Gottschkopf's ghost but do no damage.
Gottschkopf's ghost is heavily damaged.
Gottschkopf's ghost closely misses you.
You hit Gottschkopf's ghost but do no damage.
Gottschkopf's ghost is heavily damaged.
You miss Gottschkopf's ghost.
Gottschkopf's ghost is heavily damaged.
Gottschkopf's ghost points at you and mumbles some strange words.
The magic dart hits you!
You barely miss Gottschkopf's ghost.
Gottschkopf's ghost is heavily damaged.
Gottschkopf's ghost gestures at you while chanting.
The magic dart hits you!
* * * LOW HITPOINT WARNING * * *
You hit Gottschkopf's ghost.
Gottschkopf's ghost is heavily damaged.
Gottschkopf's ghost gestures at you while chanting.
The orb of energy hits you!
You die...

#........'_#.
######
#.###.#.####.
#....# #.#
#.###....
#....# #.#
#.###....
#....###.#
#...#....
#..†.'...#
#####....
#....###.#
##...
###.W....#
#### #@##.#.#
# #.##.#.# #
#.##...# #
###.##...# #
....#...# #
#..#W..# #
##..#...###.
#
#...........#
#.#.##......#


You could see Gottschkopf's ghost.

Vanquished Creatures
  A scorpion (D:4)
  A water moccasin skeleton (D:4)
  A howler monkey (D:4)
  A centaur skeleton (D:4)
  Ijyb (D:3)
  Terence (D:3)
  An iguana (D:4)
  3 orc wizards
  3 worker ants (D:4)
  Robin (D:2)
  3 gnolls
  7 adders
  An ooze (D:2)
  A worm (D:2)
  2 dart slugs
  A giant gecko (D:2)
  16 orcs
  9 bats
  7 giant cockroaches
  8 hobgoblins
  9 jackals
  7 kobolds
  2 quokkas (D:4)
  A ball python (D:3)
  3 giant newts
  15 goblins
  8 rats
114 creatures vanquished.

Notes
Turn   | Place    | Note
--------------------------------------------------------------
     0 | D:1      | IcyTea the Octopode Artificer began the quest for the Orb.
     0 | D:1      | Reached XP level 1. HP: 13/13 MP: 3/3
   149 | D:1      | Reached XP level 2. HP: 16/18 MP: 4/4
   199 | D:1      | Reached skill level 2 in Short Blades
   647 | D:1      | Reached XP level 3. HP: 19/23 MP: 5/5
  1104 | D:2      | Reached skill level 3 in Short Blades
  1744 | D:2      | Reached XP level 4. HP: 19/28 MP: 6/6
  1856 | D:2      | Noticed Robin
  1873 | D:2      | Killed Robin
  1873 | D:2      | Reached skill level 4 in Short Blades
  2543 | D:2      | Reached XP level 5. HP: 17/33 MP: 7/7
  2912 | D:3      | Found an opulent altar of Gozag.
  3220 | D:3      | Reached skill level 5 in Short Blades
  3594 | D:3      | Noticed Terence
  3612 | D:3      | Killed Terence
  3908 | D:3      | Reached XP level 6. HP: 38/38 MP: 8/8
  3909 | D:3      | Noticed Ijyb
  3925 | D:3      | Killed Ijyb
  4566 | D:4      | Found a shattered altar of Ashenzari.
  4573 | D:4      | Reached skill level 6 in Short Blades
  4851 | D:4      | Found Duocs's Magic Scroll Emporium.
  5109 | D:4      | Reached XP level 7. HP: 24/43 MP: 9/9
  5302 | D:4      | Reached skill level 7 in Short Blades
  5985 | D:4      | Noticed Gottschkopf's ghost (amateur DECj)
  6028 | D:4      | Killed from afar by Gottschkopf's ghost

Skill      XL: |  1  2  3  4  5  6  7 |
---------------+----------------------+-----
Short Blades   | 2 3 4 5 6 7 |  7.5
Stealth        | 3 |  3.0
Fighting       | |  1.0
Dodging        | |  2.0
Evocations     | |  3.4

Action                   |  1- 3 |  4- 6 |  7- 9 || total
-------------------------+-------+-------+-------++-------
Melee: Short sword       |    77 |   189 |    57 ||   323
       Constrict         |    17 |    43 |     8 ||    68
       Tentacles         |    15 |    37 |    10 ||    62
Evoke: Wand              |     2 |     1 |       ||     3
  Use: Scroll            |     8 |     1 |       ||     9
       Potion            |     1 |     6 |     1 ||     8
 Stab: Sleeping          |     7 |     9 |     1 ||    17
       Distracted        |     1 |     1 |       ||     2
  Eat: Chunk             |     2 |     9 |     3 ||    14
       Fruit             |       |       |     2 ||     2
Armor: Skin              |     9 |    14 |       ||    23
Dodge: Dodged            |    48 |    95 |    19 ||   162
